Map: Lerilak Crest

Players

MavericK - Winner!

  • Race: Zerg Zerg
  • League: Silver

SticklerMac

  • Race: Terran Terran
  • League: Bronze

VOD

Have the link to the VOD?

Description

Time

  • Played on: July 26, 2015, 5:34 p.m.
  • Length: 4:09
Show
View Real Time Build Order
Export as new Build Order

MavericK Zerg - Winner!

Build Orders: Pool First 

Get SALT Encoding   

  12  0:04  Drone  
  13  0:16  Drone  
  13  0:17  Overlord  
  14  0:35  Spawning Pool  
  14  0:38  Drone  
  14  0:41  Drone  
  15  0:45  Drone  
  15  0:48  Extractor  
  15  0:53  Drone  
  16  1:16  Overlord  
  16  1:24  Zergling x4  
  16  1:25  Queen  
  20  1:35  Drone  
  21  1:45  Zergling x2  
  22  2:00  Zergling x2  
  23  2:04  Hatchery  
  22  2:09  Zergling x2  
  23  2:19  Zergling x2  
  24  2:31  Zergling x2  
  25  2:39  Hatchery, Zergling x2  
  25  2:40  Zergling x2  
  25  2:43  Zergling x2  
  27  3:00  Zergling x4  
  28  3:19  Extractor  
  27  3:23  Queen  
  29  3:42  Zergling x12  
Show
View Real Time Build Order
Export as new Build Order

SticklerMac Terran 

Build Orders: Reaper Expand 

Get SALT Encoding   

  12  0:01  SCV  
  13  0:13  SCV  
  14  0:20  Supply Depot  
  14  0:25  SCV  
  15  0:43  Barracks  
  15  0:45  SCV  
  15  0:47  Refinery  
  16  1:02  SCV  
  17  1:26  Command Center  
  17  1:39  Reaper  
  17  1:50  Supply Depot  
  18  1:56  Orbital Command  
  17  2:16  Supply Depot  
  17  2:18  Reaper  
  18  2:40  Supply Depot  
  17  3:11  SCV x2  
  19  3:18  Marine  
  20  3:22  Bunker  
  20  3:23  SCV  
  20  3:35  Marine  
Tags
 
Add a new tag
Caveats
  • Supply blocks, unpowered buildings, or Contaminate may cause inaccurate times.
  • Supply counts are checked every 10 seconds.